woodfighter, chaotic female human Barbarian ------------- `########### ------ ----- |/..........-(#####` -----# |...<| |...| |._.........| |...|# ------------ |....| #....| |...........| |....######...........| |....| #|..>| |............### |...|# |..........| ##.....| #----- |...........| -.---######...........| # ----.- #### |............###### ## |..........| ### #### # ----.-------- # # ----....---- # # # ## ### # -.---- ### ### # # # # # # # # #I# ###---.- # ### # ## # # #....| ####### # ---.----.--# #[ |...| -----.--.-# |.........|# ----------.--- |...| |*.......|# |.........-# |........%...| |...| |%........# |.........| |.*%..).).(..| |...| |........| |.........| |(%%))%.+%.*.| ----- ---------- ----------- |%.*%)...%.).| -------------- woodfighter the Bandit Experience level: 9 Strength: 18/01 Dexterity: 17 Constitution: 17 Intelligence: 8 Wisdom: 8 Charisma: 6 Health: 0(83) Energy: 22(22) Def: 8 Gold: 0 Moves: 10868 Dungeon seed: 9ANHnS2zXP2PB1OB Game ID: woodfighter_1444901711 Your Inventory: Amulets H - an uncursed amulet of magical breathing (being worn) Weapons a - a rusty +0 battle-axe (weapon in hands) Armor e - a blessed +0 ring mail (being worn) M - a blessed +2 dwarvish cloak (being worn) S - an uncursed +0 dwarvish iron helm (being worn) T - an uncursed +0 Hawaiian shirt (being worn) W - an uncursed +0 pair of elven boots (being worn) Comestibles Q - an uncursed food ration Wands v - a wand of digging (0:4) Spells and supernatural/magical abilities: Name Level Category Fail Memory l - light 1 divination 100% 92% W - pray for help -- divine ? -- Your skills at the end: Miscellaneous Skills bare handed combat [Basic] Weapon Skills axe [Expert] short sword [Basic] Spellcasting Skills Final Attributes: You were devoutly aligned. You were poison resistant. You were telepathic. You were stealthy. You could survive without air. You were fast. You were lucky. You are dead. Vanquished creatures: 2 vampires 3 large mimics a stalker a small mimic 3 ettin mummies a quantum mechanic a troll a freezing sphere a flaming sphere 2 large cats a gargoyle 2 dwarf kings 2 tengu 2 elf mummies a human mummy a python a leather golem a watchman an incubus 3 giant beetles 7 wolves 2 leprechauns a quivering blob 3 lizards a mumak 6 giant spiders a scorpion a vampire bat 3 gnome kings 3 dwarf mummies an owlbear a dog a dingo a housecat 3 dwarf lords a blue jelly a white unicorn 2 ravens 3 gnome mummies a rope golem 3 soldier ants an imp 10 Uruk-hai an orc shaman a rock piercer a pony 4 yellow lights a shrieker a violet fungus 13 gnome lords 4 gnomish wizards 2 kobold mummies a golden naga hatchling a guardian naga hatchling a gray ooze a ghoul 2 straw golems 2 paper golems a giant ant 2 little dogs 5 floating eyes 2 kittens 17 dwarves a kobold lord 2 kobold shamans 4 iguanas 8 hill orcs 2 rothes a centipede a giant bat 5 orc zombies 3 dwarf zombies a werejackal a coyote a gas spore 7 hobbits an acid blob a large kobold 2 geckos 4 giant rats 5 cave spiders 3 brown molds a yellow mold a green mold 59 gnomes 2 garter snakes 2 gnome zombies 3 jackals 3 foxes 5 newts 4 goblins 4 sewer rats 2 grid bugs 2 bats 7 lichens 3 kobold zombies 302 creatures vanquished. Voluntary challenges: You had been an atheist until turn 3088. You used a wielded weapon 468 times, starting on turn 2. You read items or engraved 12 times, starting on turn 3362. You never genocided any monsters. You never polymorphed an object. You never changed form. You used no wishes. You never split a pudding. You never wrote Elbereth's name. You violated your moral code, losing 4 points of alignment, starting on turn 3621. Dungeon overview: The Dungeons of Doom: levels 1 to 6 Level 1 a long staircase Level 2 a weapon shop, some fountains stairs to The Gnomish Mines Level 3 Level 4 a fountain Level 5 (angry shopkeeper) <- You were here a general store, an altar to Set Level 6 The Gnomish Mines: levels 3 to 11 Level 3 stairs to The Dungeons of Doom Level 4 Level 5 Level 6 many shops, a temple to Mitra, a magic chest, some fountains Level 7 Level 8 Level 9 Level 10 Level 11 a magic chest, some fountains History has recorded: On T:1 you entered the Dungeons of Doom to retrieve the Amulet of Yendor! On T:280 you reached level 2 of The Dungeons of Doom. On T:408 you reached level 3 of The Dungeons of Doom. On T:481 you advanced to experience level 2. On T:570 you advanced to experience level 3. On T:696 you reached level 1 of The Gnomish Mines. On T:715 you advanced to experience level 4. On T:817 you reached level 2 of The Gnomish Mines. On T:996 you advanced to experience level 5. On T:1502 you advanced to experience level 6. On T:1556 you reached level 3 of The Gnomish Mines. On T:2664 you reached level 4 of The Gnomish Mines. On T:3067 you entered the Minetown temple On T:3312 you advanced to experience level 7. On T:3330 you opened a magic chest. On T:3360 you opened a magic chest. On T:3364 you opened a magic chest. On T:3366 you opened a magic chest. On T:3692 you reached level 5 of The Gnomish Mines. On T:3920 you reached level 6 of The Gnomish Mines. On T:4284 you advanced to experience level 8. On T:4484 you reached level 7 of The Gnomish Mines. On T:4591 you reached level 8 of The Gnomish Mines. On T:6000 you reached level 9 of The Gnomish Mines. On T:6000 you reached the bottom of the Mines. On T:6411 you advanced to experience level 9. On T:7053 you opened a magic chest. On T:7055 you opened a magic chest. On T:7061 you opened a magic chest. On T:7062 you opened a magic chest. On T:7062 you opened a magic chest. On T:7064 you opened a magic chest. On T:7665 you opened a magic chest. On T:7667 you opened a magic chest. On T:8856 you opened a magic chest. On T:8857 you opened a magic chest. On T:9079 you opened a magic chest. On T:9142 you opened a magic chest. On T:9173 you opened a magic chest. On T:9194 you opened a magic chest. On T:9194 you opened a magic chest. On T:9194 you opened a magic chest. On T:9222 you opened a magic chest. On T:9478 you reached level 4 of The Dungeons of Doom. On T:9770 you reached level 5 of The Dungeons of Doom. On T:10759 you reached level 6 of The Dungeons of Doom. Score breakdown: Gold: 0 ( 0 points) Experience: 9 levels ( 800 points) Exploration: 11 levels ( 300 points) Discoveries: 17 items ( 850 points) Variety of kills: 96 monsters ( 2000 points) Major goal: reached Mine's End ( 1000 points) Survival: died (score multiplied by 3) Total score: 14850 Latest messages: "For you, good lady; only 150 for this bubbly potion." You have a little trouble lifting O - a bubbly potion (unpaid, 150 zorkmids). "For you, honored lady; only 150 for this cloudy potion." You have a little trouble lifting P - a cloudy potion (unpaid, 150 zorkmids). "For you, most gracious lady; only 150 for this effervescent potion." You have a little trouble lifting A - an effervescent potion (unpaid, 150 zorkmids). "For you, honored lady; only 450 for this golden potion." You have a little trouble lifting h - a golden potion (unpaid, 450 zorkmids). "For you, esteemed lady; only 600 for this murky potion." You have a little trouble lifting t - a murky potion (unpaid, 600 zorkmids). "For you, good lady; only 225 for this pink potion." You have a little trouble lifting p - a pink potion (unpaid, 225 zorkmids). "For you, good lady; only 225 per pink potion." You have a little trouble lifting o - 2 pink potions (unpaid, 450 zorkmids). "For you, good lady; only 375 for this potion of oil." You have a little trouble lifting G - a potion of oil (unpaid, 375 zorkmids). "For you, honored lady; only 150 for this hexagonal wand." You have a little trouble lifting E - a hexagonal wand (unpaid, 150 zorkmids). "For you, esteemed lady; only 262 for this wand called sleep." You hear a nearby zap. The sleep ray whizzes by you! The sleep ray bounces! The sleep ray hits you! The sleep ray hits something. The wand hits it. (3x) You die... Upernavik takes all your possessions. Final status: Goodbye woodfighter the Barbarian, killed by a force bolt, while sleeping... You died in The Dungeons of Doom on dungeon level 5 with 14850 points, and 0 pieces of gold, after 10868 moves. You were level 9 with a maximum of 83 hit points when you died.